General information
- name: BNet
- type: Ladder team game (AT/RT)
- host: Battle.net
- saver: Ashurbalizanir
map: DragonFalls
- players: 8
- length: 21:00
- speed: Fast
- version: 1.26 W3XP
- replay type: Public
» download(128 KB)
Players
team 1 (winner)
birdlol (
red | 99 APM | 2084 actions | 20:59)
6 Priestess of the Moon
2 Searing Arrows
3 Trueshot Aura
1 Starfall
» actions
| Assign group hotkey | 72 | |
| Basic commands | 82 | |
| Build / train | 70 | |
| Enter build submenu | 19 | |
| Enter hero's abilities submenu | 6 | |
| Give item / drop item | 1 | |
| Remove unit from queue | 4 | |
| Right click | 997 | |
| Select / deselect | 254 | |
| Select group hotkey | 538 | |
| Use ability | 41 | |
2084 total
» units
| Wisp | 18 | |
| Huntress | 4 | |
| Archer | 7 | |
| Druid of the Talon | 5 | |
| Chimaera | 4 | |
38 total
» upgrades
| Strength of the Moon | 2 | |
| Moon Armor | 1 | |
| Improved Bows | 1 | |
| Druid of the Talon Training | 2 | |
| Marksmanship | 1 | |
| Strength of the Wild | 3 | |
| Reinforced Hides | 2 | |
| Mark of the Talon | 1 | |
| Corrosive Breath | 1 | |
14 total
» buildings
| Altar of Elders | 1 | |
| Moon Well | 7 | |
| Ancient of War | 2 | |
| Hunter's Hall | 1 | |
| Tree of Ages | 1 | |
| Tree of Life | 1 | |
| Tree of Eternity | 1 | |
| Ancient of Wind | 2 | |
| Chimaera Roost | 3 | |
| Ancient of Wonders | 1 | |
20 total
» build order
00:06 Altar of Elders
00:17 Moon Well
01:39 Ancient of War
01:43 Hunter's Hall
02:00 Moon Well
02:38 Ancient of War
03:55 Moon Well
05:09 Moon Well
05:54 Tree of Ages
06:26 Tree of Life
08:28 Tree of Eternity
08:54 Ancient of Wind
08:54 Ancient of Wind
11:17 Chimaera Roost
11:18 Chimaera Roost
11:19 Chimaera Roost
13:53 Moon Well
13:53 Moon Well
15:51 Ancient of Wonders
15:59 Moon Well
» items
| Scroll of Town Portal | 1 | |
| Scroll of Healing | 2 | |
| Boots of Speed | 2 | |
5 total
DoOmSdAy01 (
purple | 28 APM | 592 actions | 20:59)
5 Dreadlord
2 Vampiric Aura
3 Sleep
» actions
| Basic commands | 9 | |
| Build / train | 42 | |
| Enter build submenu | 17 | |
| Enter hero's abilities submenu | 5 | |
| Remove unit from queue | 4 | |
| Right click | 286 | |
| Select / deselect | 191 | |
| Use ability | 38 | |
592 total
» units
| Acolyte | 2 | |
| Ghoul | 12 | |
| Frost Wyrm | 8 | |
22 total
» upgrades
| Creature Attack | 3 | |
| Creature Carapace | 3 | |
| Freezing Breath | 1 | |
7 total
» buildings
| Crypt | 2 | |
| Ziggurat | 9 | |
| Altar of Darkness | 1 | |
| Tomb of Relics | 1 | |
| Graveyard | 1 | |
| Halls of the Dead | 1 | |
| Black Citadel | 1 | |
| Sacrificial Pit | 1 | |
| Boneyard | 3 | |
20 total
» build order
00:18 Crypt
00:22 Ziggurat
00:40 Altar of Darkness
01:10 Crypt
01:38 Ziggurat
02:09 Tomb of Relics
02:43 Graveyard
04:05 Ziggurat
06:26 Halls of the Dead
07:23 Ziggurat
07:23 Ziggurat
09:43 Black Citadel
09:46 Sacrificial Pit
09:50 Ziggurat
09:50 Ziggurat
12:20 Boneyard
12:22 Boneyard
12:25 Boneyard
14:37 Ziggurat
14:50 Ziggurat
» items

»
Ashurbalizanir (
pink | 59 APM | 1244 actions | 21:00)
7 Demon Hunter
3 Mana Burn
3 Evasion
1 Metamorphosis
» actions
| Assign group hotkey | 21 | |
| Basic commands | 73 | |
| Build / train | 88 | |
| Enter build submenu | 17 | |
| Enter hero's abilities submenu | 8 | |
| Remove unit from queue | 1 | |
| Right click | 372 | |
| Select / deselect | 376 | |
| Select group hotkey | 230 | |
| Use ability | 58 | |
1244 total
» units
| Wisp | 15 | |
| Archer | 8 | |
| Huntress | 22 | |
| Glaive Thrower | 3 | |
| Druid of the Claw | 5 | |
| Dryad | 1 | |
| Mountain Giant | 1 | |
55 total
» upgrades
| Ultravision | 1 | |
| Strength of the Moon | 1 | |
| Moon Armor | 1 | |
| Strength of the Wild | 3 | |
| Reinforced Hides | 3 | |
| Druid of the Claw Training | 2 | |
| Mark of the Claw | 1 | |
| Well Spring | 1 | |
| Upgrade Moon Glaive | 1 | |
| Nature's Blessing | 1 | |
| Abolish Magic | 1 | |
| Hardened Skin | 1 | |
| Resistant Skin | 1 | |
18 total
» buildings
| Altar of Elders | 1 | |
| Moon Well | 5 | |
| Ancient of War | 2 | |
| Hunter's Hall | 1 | |
| Tree of Ages | 3 | |
| Ancient Protector | 1 | |
| Ancient of Lore | 2 | |
| Tree of Eternity | 1 | |
| Ancient of Wonders | 1 | |
17 total
» build order
00:08 Altar of Elders
00:09 Moon Well
00:43 Ancient of War
01:23 Ancient of War
01:43 Moon Well
02:34 Hunter's Hall
02:55 Moon Well
05:26 Moon Well
06:11 Tree of Ages
06:12 Tree of Ages
06:12 Tree of Ages
06:22 Ancient Protector
09:19 Ancient of Lore
11:04 Tree of Eternity
12:15 Ancient of Lore
14:57 Ancient of Wonders
16:57 Moon Well
GOVERNAL (
orange | 34 APM | 710 actions | 20:59)
5 Blood Mage
3 Flame Strike
2 Siphon Mana
4 Paladin
2 Holy Light
1 Divine Shield
1 Devotion Aura
» actions
| Build / train | 54 | |
| Enter build submenu | 26 | |
| Enter hero's abilities submenu | 9 | |
| Right click | 346 | |
| Select / deselect | 213 | |
| Use ability | 62 | |
710 total
» units
» upgrades
» buildings
| Altar of Kings | 1 | |
| Farm | 10 | |
| Barracks | 2 | |
| Blacksmith | 1 | |
| Arcane Vault | 1 | |
| Scout Tower | 6 | |
| Arcane Tower | 1 | |
| Lumber Mill | 2 | |
| Guard Tower | 5 | |
| Keep | 1 | |
| Town Hall | 1 | |
| Castle | 1 | |
32 total
» build order
00:08 Altar of Kings
00:13 Farm
01:10 Barracks
01:28 Farm
02:07 Blacksmith
02:22 Arcane Vault
03:26 Scout Tower
03:58 Barracks
04:03 Scout Tower
04:53 Farm
05:01 Farm
05:05 Farm
05:40 Arcane Tower
05:47 Lumber Mill
05:54 Farm
05:58 Farm
06:02 Farm
06:43 Scout Tower
06:52 Scout Tower
06:53 Guard Tower
07:12 Guard Tower
07:21 Guard Tower
09:37 Keep
14:14 Farm
14:17 Farm
14:20 Scout Tower
14:24 Scout Tower
15:13 Guard Tower
15:16 Guard Tower
16:15 Lumber Mill
16:41 Town Hall
18:55 Castle
» items
team 2 (loser)
f15x (
green | 44 APM | 777 actions | 17:36)
4 Archmage
2 Summon Water Elemental
2 Brilliance Aura
» actions
| Assign group hotkey | 26 | |
| Build / train | 50 | |
| Enter build submenu | 18 | |
| Enter hero's abilities submenu | 4 | |
| Right click | 252 | |
| Select / deselect | 212 | |
| Select group hotkey | 166 | |
| Use ability | 49 | |
777 total
» units
| Peasant | 8 | |
| Rifleman | 18 | |
| Furbolg Shaman | 1 | |
| Mortar Team | 3 | |
30 total
» upgrades
| Gunpowder | 2 | |
| Armor | 2 | |
| Long Rifles | 1 | |
| Plating | 1 | |
6 total
» buildings
| Altar of Kings | 1 | |
| Farm | 11 | |
| Barracks | 1 | |
| Blacksmith | 1 | |
| Lumber Mill | 1 | |
| Arcane Vault | 1 | |
| Keep | 1 | |
| Workshop | 2 | |
| Castle | 1 | |
20 total
» build order
00:10 Altar of Kings
00:36 Farm
01:29 Barracks
01:42 Blacksmith
01:54 Farm
02:19 Lumber Mill
02:39 Arcane Vault
02:54 Farm
03:43 Farm
04:13 Keep
10:53 Workshop
14:16 Farm
14:22 Farm
14:28 Workshop
14:52 Farm
15:02 Castle
15:12 Farm
16:26 Farm
16:32 Farm
16:34 Farm
» items
| Rod of Necromancy | 1 | |
| Potion of Healing | 1 | |
| Scroll of Regeneration | 2 | |
| Potion of Mana | 1 | |
| Lesser Clarity Potion | 1 | |
| Scroll of Town Portal | 1 | |
7 total

»
Wetbone (
teal | 28 APM | 583 actions | 20:59)
4 Death Knight
2 Death Coil
1 Unholy Aura
1 Death Pact
» actions
| Build / train | 37 | |
| Enter build submenu | 10 | |
| Enter hero's abilities submenu | 4 | |
| Right click | 330 | |
| Select / deselect | 171 | |
| Use ability | 31 | |
583 total
» units
| Acolyte | 3 | |
| Ghoul | 8 | |
| Crypt Fiend | 10 | |
21 total
» upgrades
| Creature Attack | 2 | |
| Creature Carapace | 2 | |
4 total
» buildings
| Altar of Darkness | 1 | |
| Ziggurat | 4 | |
| Crypt | 1 | |
| Tomb of Relics | 1 | |
| Graveyard | 1 | |
| Nerubian Tower | 1 | |
| Halls of the Dead | 1 | |
| Spirit Tower | 3 | |
13 total
» build order
00:08 Altar of Darkness
00:11 Ziggurat
00:50 Crypt
01:05 Ziggurat
01:42 Tomb of Relics
01:55 Graveyard
02:11 Ziggurat
02:26 Nerubian Tower
06:19 Halls of the Dead
07:17 Spirit Tower
07:21 Ziggurat
08:43 Spirit Tower
09:14 Spirit Tower
» items
veritas7 (
blue | 28 APM | 583 actions | 20:59)
3 Far Seer
2 Feral Spirit
1 Chain Lighting
» actions
| Assign group hotkey | 42 | |
| Build / train | 35 | |
| Enter build submenu | 21 | |
| Enter hero's abilities submenu | 3 | |
| Right click | 260 | |
| Select / deselect | 167 | |
| Select group hotkey | 18 | |
| Use ability | 37 | |
583 total
» units
» upgrades
| Armor | 2 | |
| Ranged Weapons | 3 | |
| Shaman Training | 2 | |
| Envenomed Spears | 1 | |
8 total
» buildings
| Orc Burrow | 7 | |
| War Mill | 1 | |
| Altar of Storms | 1 | |
| Voodoo Lounge | 1 | |
| Watch Tower | 5 | |
| Stronghold | 1 | |
| Fortress | 1 | |
| Beastiary | 3 | |
| Spirit Lodge | 2 | |
| Great Hall | 1 | |
23 total
» build order
00:31 Orc Burrow
00:45 War Mill
01:00 Altar of Storms
01:19 Voodoo Lounge
02:27 Watch Tower
02:36 Watch Tower
03:31 Stronghold
03:41 Orc Burrow
04:23 Watch Tower
06:05 Fortress
06:12 Beastiary
06:19 Beastiary
06:26 Beastiary
07:44 Spirit Lodge
08:11 Orc Burrow
08:51 Spirit Lodge
11:23 Orc Burrow
11:30 Orc Burrow
14:38 Great Hall
14:44 Orc Burrow
14:48 Watch Tower
14:52 Watch Tower
15:21 Orc Burrow
» items

»
BSIFNOTPINK (
yellow | 62 APM | 1125 actions | 18:03)
4 Death Knight
2 Death Coil
2 Unholy Aura
3 Lich
2 Frost Nova
1 Frost Armor
3 Crypt Lord
2 Impale
1 Spiked Carapace
» actions
| Assign group hotkey | 8 | |
| Basic commands | 73 | |
| Build / train | 57 | |
| Enter build submenu | 10 | |
| Enter hero's abilities submenu | 10 | |
| Give item / drop item | 5 | |
| Right click | 610 | |
| Select / deselect | 175 | |
| Select group hotkey | 119 | |
| Use ability | 58 | |
1125 total
» units
» buildings
| Crypt | 1 | |
| Altar of Darkness | 1 | |
| Ziggurat | 3 | |
| Tomb of Relics | 1 | |
| Nerubian Tower | 2 | |
| Halls of the Dead | 1 | |
| Necropolis | 1 | |
| Graveyard | 1 | |
| Black Citadel | 1 | |
12 total
» build order
00:21 Crypt
00:26 Altar of Darkness
00:35 Ziggurat
00:57 Ziggurat
01:15 Tomb of Relics
01:29 Nerubian Tower
02:03 Nerubian Tower
03:44 Halls of the Dead
04:52 Ziggurat
05:29 Necropolis
05:36 Graveyard
06:12 Black Citadel
» items
| Rod of Necromancy | 1 | |
| Potion of Healing | 6 | |
| Scroll of Town Portal | 4 | |
| Potion of Mana | 4 | |
| Lesser Clarity Potion | 3 | |
| Boots of Speed | 1 | |
| Scroll of Protection | 1 | |
| Potion of Lesser Invulnerability | 1 | |
21 total
Chat log
(00:12 / Allies) DoOmSdAy01: rush?
(00:15 / Allies) birdlol: hell yea
(00:18 / Allies) Ashurbalizanir: sure since NE is my worst race with random
(00:22 / Allies) birdlol: lol
(00:27 / Allies) birdlol: ive noticed
(00:31 / Allies) birdlol: i always win when we rush
(00:33 / Allies) Ashurbalizanir: if I suck this game it's not my usual skill btw
(00:33 / Allies) birdlol: in 4s
(00:35 / Allies) birdlol: and im lvl 35 so
(00:38 / Allies) birdlol: 34
(00:50 / Allies) DoOmSdAy01: i will mass ghouls
(00:55 / Allies) Ashurbalizanir: most people suck against rushes and weird shit in 4v4
(01:03 / Allies) birdlol: yea
(01:07 / Allies) birdlol: remember what u lose to
(01:08 / Allies) birdlol: usually a rush
(01:17 / Allies) birdlol: i mean
(01:19 / Allies) birdlol: bad teammates
(01:20 / Allies) birdlol: of course
(01:27 / Allies) birdlol: pink
(01:29 / Allies) Ashurbalizanir: people who don't know how to defend rushes
(01:30 / Allies) birdlol: what hero
(01:32 / Allies) Ashurbalizanir: dh
(01:36 / Allies) birdlol: cool potm
(01:40 / Allies) Ashurbalizanir: kk good
(01:48 / Allies) birdlol: hunts?
(01:55 / Allies) Ashurbalizanir: sure
(02:04 / Allies) birdlol: u can do whatever just askin
(03:07 / Allies) DoOmSdAy01: blue is towering up
(03:13 / Allies) Ashurbalizanir: hit top right
(03:14 / Allies) DoOmSdAy01: hit that side
(03:33 / Allies) birdlol: clear expos
(03:34 / Allies) birdlol: then rush
(03:35 / Allies) birdlol: imo
(03:44 / Allies) Ashurbalizanir: kk, good for xp
(03:54 / Allies) DoOmSdAy01: orange
(04:36 / Allies) DoOmSdAy01: fuck
(04:47 / Allies) birdlol: get ready to rush
(04:58 / Allies) birdlol: meet up
(05:05 / Allies) birdlol: i got a book of the dead
(05:06 / Allies) birdlol: that will help
(05:10 / Allies) Ashurbalizanir: yeah
(05:17 / Allies) Ashurbalizanir: getting 1 glaive thrower
(05:20 / Allies) Ashurbalizanir: in case of ud towers
(05:23 / Allies) birdlol: nice
(05:35 / Allies) birdlol: oj
(05:37 / Allies) birdlol: come with us
(05:42 / Allies) birdlol: purple?
(05:47 / Allies) DoOmSdAy01: coming
(05:48 / Allies) birdlol: come
(05:49 / Allies) birdlol: lets rush
(06:04 / Allies) DoOmSdAy01: wait
(06:07 / Allies) DoOmSdAy01: move together
(06:16 / Allies) birdlol: oh well
(06:19 / Allies) birdlol: oj thinks hes in ffa
(06:33 / Allies) GOVERNAL: comin
(11:00 / All) Wetbone: gg all
(11:02 / Allies) Ashurbalizanir: gj
(11:06 / Allies) DoOmSdAy01: main
(11:09 / Allies) DoOmSdAy01: hit main
(11:13 / All) Wetbone: u guys were just faster -_-
(11:14 / Allies) Ashurbalizanir: kill acos too if we can
(12:08 / Allies) birdlol: spend gold
(12:49 / Allies) Ashurbalizanir: getting bears
(13:34 / Allies) DoOmSdAy01: lumber plz
(13:36 / Allies) DoOmSdAy01: for frosts
(13:43 / Allies) DoOmSdAy01: ty
(13:45 / Allies) Ashurbalizanir: np
(17:00 / Allies) birdlol: go
(17:33 / All) f15x: nice tech blue
(17:38 / Allies) Ashurbalizanir: gj
(18:08 / All) Ashurbalizanir: gg
(19:01 / All) birdlol: gg
(19:02 / All) birdlol: leave
(19:04 / All) Ashurbalizanir: gg
(19:39 / All) birdlol: ( *)>
(20:16 / All) Ashurbalizanir: I have a mountain giant, the worst unit in the game. that means we won because I can waste my money so well
(20:25 / All) Ashurbalizanir: and not even worry
(20:40 / All) DoOmSdAy01: plz uninstall this game right now
(20:43 / All) Ashurbalizanir: ^^^^^^
(20:45 / All) birdlol: death knight is worst unit in the game
(20:48 / All) Ashurbalizanir: lol